 Dungeon Crawl Stone Soup version 0.29.1-15-g9cfb28693d (webtiles) character file.

Game seed: 6580443956619929753

164 Descartes the Caller (level 5, -5/38 HPs)
             Began as a Demigod Summoner on Apr 15, 2023.
             Slain by a scorpion (6 damage)
             ... on level 3 of the Dungeon.
             The game lasted 00:06:07 (3106 turns).

Descartes the Caller (Demigod Summoner)             Turns: 3106, Time: 00:06:07

Health: -5/38      AC:  2    Str:  9    XL:     5   Next: 0%
Magic:  5/11       EV: 13    Int: 21    God:
Gold:   165        SH:  0    Dex: 14    Spells: 6/9 levels left

rFire   . . .      SeeInvis .   n - +0 short sword
rCold   . . .      Faith    .   (no shield)
rNeg    . . .      Spirit   .   a - +0 robe
rPois   .          Reflect  .   (no helmet)
rElec   .          Harm     .   (no cloak)
rCorr   .          Rampage  .   (no gloves)
Will    .....                   (no boots)
Stlth   ++........              m - amulet of regeneration
HPRegen 0.92/turn               (no ring)
MPRegen 0.12/turn               (no ring)

@: lethally poisoned (-5 -> -6)
A: high MP 1, forlorn, divine attributes
a: no special abilities


You were on level 3 of the Dungeon.
You visited 1 branch of the dungeon, and saw 3 of its levels.

You collected 165 gold pieces.

Inventory:

Hand Weapons
 n - a +0 short sword (weapon)
Armour
 a - a +0 robe (worn)
Jewellery
 e - an amulet of the acrobat
 m - an amulet of regeneration (around neck)
Scrolls
 g - a scroll of poison {unknown}
 k - a scroll of teleportation {unknown}
 o - a scroll of vulnerability {unknown}
Potions
 b - a potion of magic
 c - a potion of cancellation {unknown}
 d - a potion of degeneration {unknown}
 f - a potion of flight {unknown}
 h - a potion of might {unknown}
 i - a potion of brilliance {unknown}
 j - 2 potions of ambrosia {unknown}
 l - a potion of resistance {unknown}


   Skills:
 + Level 2.9 Dodging
 + Level 3.0 Stealth
 + Level 2.7 Spellcasting
 + Level 4.3 Summonings


You had 6 spell levels left.
You knew the following spells:

 Your Spells              Type           Power      Damage    Failure   Level
a - Summon Small Mammal   Summ           84%        N/A       2%          1
b - Call Imp              Summ           21%        N/A       3%          2

Your spell library contained the following spells:

 Spells                   Type           Power      Damage    Failure   Level
 Call Canine Familiar     Summ           21%        N/A       7%          3
 Summon Guardian Golem    Hex/Summ       11%        N/A       17%         3
 Portal Projectile        Hex/Tloc       4%         N/A       38%         3
 Summon Lightning Spire   Summ/Air       11%        N/A       50%         4
 Leda's Liquefaction      Hex/Erth       1%         N/A       80%         4


Dungeon Overview and Level Annotations

Branches:
Dungeon (3/15)


Innate Abilities, Weirdness & Mutations

You have an increased reservoir of magic. (+10% MP)
You shall have no god before yourself.
Your divine heritage dramatically boosts your attributes as you level up.


Message History

The scorpion poisons you!
You feel very sick.
The scorpion closely misses your crimson imp.
Your crimson imp hits the scorpion.
Your rat closely misses the scorpion.
Your rat bites the scorpion but does no damage.
A goblin comes into view. It is wielding a +0 club.
You feel very sick.
The scorpion closely misses something.
Your crimson imp closely misses the scorpion.
You see here 3 gold pieces.
You feel very sick. Something barely misses your rat.
You feel very sick. The scorpion barely misses your rat.
Your rat closely misses the scorpion.
Your rat bites the scorpion but does no damage.
You feel sick. The scorpion stings your rat.
Your rat dies!
Your rat's corpse disappears in a puff of smoke!
Your rat barely misses the scorpion.
Your crimson imp hits the scorpion.
You feel sick.
Your crimson imp barely misses the scorpion.
Casting: Summon Small Mammal (safe; 2% risk of failure)
Confirm with . or Enter, or press ? or * to list all spells.
You feel sick. The scorpion misses you.
Your rat bites the scorpion but does no damage.
Your crimson imp hits the scorpion.
Casting: Summon Small Mammal (safe; 2% risk of failure)
Confirm with . or Enter, or press ? or * to list all spells.
A shadowy apparition takes form in the air.
You feel sick.
Your crimson imp disappears in a puff of smoke!
The scorpion misses you.
Your quokka barely misses the scorpion.
Your rat barely misses the scorpion.
The scorpion closely misses you.
You feel sick.
Your quokka bites the scorpion.
The scorpion stings you.
* * * LOW HITPOINT WARNING * * *
Your rat barely misses the scorpion.
Your shadow imp completely misses the scorpion.
* * * LOW HITPOINT WARNING * * *
You feel sick.
Your quokka misses the scorpion. The scorpion stings you.
You die...

.# g# .# .#
####.###
#.. ...
#g##.#
#@.5.# #
###rs####.#
#....r$.#.#
#.#.......#
#.##.##.###
# #..#)#
##.#.#
#.###.#.###
#.........#


You could see a scorpion (ally target), a goblin, a friendly shadow imp
(summoned), a friendly quokka (summoned) and a friendly rat (summoned).

Vanquished Creatures (collateral kills)
  An ogre (D:3)
  3 adders
  2 dart slugs (D:1)
  2 ball pythons (D:1)
  7 endoplasms
  3 giant cockroaches
  10 goblins
  2 hobgoblins
  A quokka (D:2)
  6 bats
  3 frilled lizards
  A kobold (D:1)
  5 rats
  A spectral goblin (D:2)
47 creatures vanquished.

Notes
Turn   | Place    | Note
-------+----------+-------------------------------------------
     0 | D:1      | Descartes the Demigod Summoner began the quest for the Orb.
     0 | D:1      | Reached XP level 1. HP: 14/14 MP: 5/5
   630 | D:1      | Reached XP level 2. HP: 18/20 MP: 2/7
   755 | D:1      | Learned a level 2 spell: Call Imp
  1630 | D:2      | Reached XP level 3. HP: 21/26 MP: 3/8
  2133 | D:2      | Reached skill level 4 in Summonings
  2984 | D:3      | Noticed an ogre
  3001 | D:3      | Killed an ogre
  3002 | D:3      | Reached XP level 4. HP: 33/33 MP: 4/10
  3055 | D:3      | Reached XP level 5. HP: 38/38 MP: 9/11
  3105 | D:3      | HP: 1/38 [scorpion (4)]
  3106 | D:3      | Slain by a scorpion

Illustrated notes

Levels and vault maps discovered:
D:1:      elethiomel_arrival_infinity_welcomes_careful_drivers,
          layout_loops_cross, minmay_tripent
D:2:      layout_loops_ring, dreamdust_ecumenical_altar_drowned_temple,
          grunt_ministairs_15
D:3:      cheibrodos_greedy_goblins, layout_loops_cross, minivault_23,
          uniq_ijyb, uniq_sigmund

Skill      XL: |  1  2  3 |
---------------+----------+-----
Stealth        | 2 3 |  3.0
Dodging        | 2 |  2.9
Spellcasting   | 2 |  2.7
Summonings     | 4 |  4.3

Action                   |  1- 3 |  4- 6 || total
-------------------------+-------+-------++-------
Melee: Unarmed           |     4 |       ||     4
 Cast: Summon Small Mamm |    87 |     7 ||    94
       Call Imp          |    26 |     2 ||    28
Armor: Robe              |     9 |     1 ||    10
Dodge: Dodged            |    49 |     6 ||    55
